 Dungeon Crawl Stone Soup version 0.30-a0-325-gb515db48ae (webtiles) character file.

Game seed: 8598835746402353069

1451 Devinter the Firebug (level 8, -3/63 HPs)
             Began as a Green Draconian Fire Elementalist on Oct 28, 2022.
             Was an Initiate of Vehumet.
             Slain by an orc warrior
             ... wielding a +0 halberd
              (13 damage)
             ... on level 6 of the Dungeon.
             The game lasted 00:28:47 (4421 turns).

Devinter the Firebug (DrFE)                         Turns: 4421, Time: 00:28:48

Health: -3/63      AC:  7    Str: 10    XL:     8   Next: 47%
Magic:  5/17       EV: 12    Int: 17    God:    Vehumet [......]
Gold:   339        SH:  0    Dex: 13    Spells: 17/20 levels left

rFire   . . .      SeeInvis .    g - +1 short sword (venom)
rCold   . . .      Faith    +    (no shield)
rNeg    . . .      Spirit   .    (body armour unavailable)
rPois   +          Reflect  .    (helmet restricted)
rElec   .          Harm     .    (no cloak)
rCorr   .          Rampage  .    (no gloves)
Will    .....                    k - +0 pair of boots
Stlth   ++........               C - amulet of faith
HPRegen 0.30/turn                o - ring of poison resistance
MPRegen 0.15/turn                (no ring)

@: no status effects
A: breathe noxious fumes, AC +6, unfitting armour, poison resistance,
cold-blooded
a: Breathe Noxious Fumes, Renounce Religion


You were on level 6 of the Dungeon.
You worshipped Vehumet.
Vehumet was noncommittal.
You visited 2 branches of the dungeon, and saw 7 of its levels.
You also visited: Sewer.

You collected 339 gold pieces.

Inventory:

Hand Weapons
 g - a +1 short sword of venom (weapon)
Missiles
 b - 11 poisoned darts
 c - 72 stones
 q - 8 boomerangs
Armour
 k - a +0 pair of boots (worn)
Magical Staves
 r - a staff of air
 x - a staff of conjuration
Jewellery
 o - a ring of poison resistance (left hand)
 C - an amulet of faith (around neck)
Wands
 w - a wand of acid (8)
Scrolls
 d - 3 scrolls of identify {unknown}
 i - a scroll of blinking {unknown}
 m - a scroll of amnesia {unknown}
 n - a scroll of vulnerability {unknown}
 s - a scroll of torment {unknown}
 t - 2 scrolls of enchant armour {unknown}
 y - a scroll of fear {unknown}
Potions
 a - 4 potions of magic
 e - 6 potions of curing
 f - 3 potions of haste {unknown}
 h - 3 potions of degeneration {unknown}
 j - 2 potions of ambrosia {unknown}
 l - a potion of attraction {unknown}
 p - 2 potions of heal wounds {unknown}
 u - a potion of invisibility {unknown}
 z - a potion of cancellation {unknown}
 A - a potion of resistance {unknown}
 B - a potion of lignification {unknown}
Miscellaneous
 v - a phantom mirror


   Skills:
 - Level 3.0 Fighting
 - Level 2.0 Dodging
 - Level 2.0 Stealth
 + Level 6.5 Spellcasting
 - Level 4.0 Conjurations
 + Level 6.8 Fire Magic


You had 17 spell levels left.
You knew the following spells:

 Your Spells              Type           Power      Damage    Failure   Level
a - Foxfire               Conj/Fire      96%        2x1d8     1%          1
b - Scorch                Fire           56%        2d8       1%          2

Your spell library contained the following spells:

 Spells                   Type           Power      Damage    Failure   Level
 Inner Flame              Hex/Fire       17%        N/A       9%          3
 Flame Wave               Conj/Fire      24%        2d8       13%         4
 Kindle Blastsparks       Fire/Tloc/Air  26%        2d12      14%         3


Dungeon Overview and Level Annotations

Branches:
Dungeon (6/15)             Temple (1/1) D:5           Sewer (visited)

Altars:
Ashenzari
Cheibriados
Fedhas
Gozag
Nemelex Xobeh
Okawaru
Ru
Sif Muna
Vehumet
Wu Jian
Xom
Zin

Shops:
D:1 (

Annotations:
D:2 Sigmund


Innate Abilities, Weirdness & Mutations

You can breathe blasts of noxious fumes.
Your lurid green scales are hard. (AC +6)
You cannot fit into any form of body armour.
Your system is resistant to poisons. (rPois)
You are cold-blooded and may be slowed by cold attacks.


Message History

The foxfire hits the centaur!
The centaur is heavily wounded.
The centaur shoots an arrow.
The arrow completely misses you.
The gnoll is no longer moving quickly.
The centaur shoots an arrow.
The arrow hits you!
* * * LOW HITPOINT WARNING * * *
The gnoll bouda gazes fiercely through you!
You feel your attacks grow feeble.
Casting: Foxfire (safe; 1% risk of failure)
Confirm with . or Enter, or press ? or * to list all spells.
You conjure some foxfire!
* * * LOW MAGIC WARNING * * *
The gnoll misses you.
The foxfire hits the centaur.
The centaur is almost dead.
The foxfire hits the centaur!
You kill the centaur!
Vehumet accepts your kill.
The gnoll bouda barks out a call to the hunt!
The gnolls pick up the pace!
You open the door.
A phantom and a hound come into view.
The gnoll misses you.
Found 18 gold pieces.
Casting: Foxfire (safe; 1% risk of failure)
Confirm with . or Enter, or press ? or * to list all spells.
You conjure some foxfire!
* * * LOW MAGIC WARNING * * *
Your attacks no longer feel as feeble.
The gnoll hits you from afar with a +0 spear.
* * * LOW HITPOINT WARNING * * *
The orc warrior hits you from afar with a +0 halberd!
* * * LOW HITPOINT WARNING * * *
It was a potion of curing.
You feel better.
The foxfire hits the gnoll but does no damage.
The foxfire hits the gnoll!
The gnoll is heavily wounded.
The gnoll closely misses you.
The orc warrior hits you from afar with a +0 halberd!
You die...

#......#... ####
####...#.## #$W#
#.(###...# #h.#
#..#.##..## #$.#
#..#..'.... #. #..#
#gg#.##.... #..#
..# #co###...##
#...##ยง#
#)##.....#
#..@.#####.......##
####.gg....#...###
##og).....###
##########


You could see an orc warrior, a phantom (dormant), a gnoll bouda and 2 gnolls.

Vanquished Creatures
  Grinder (D:5)
  Pargi (Sewer)
  2 black bears (D:5)
  2 centaurs
  2 ogres (D:5)
  3 phantoms
  A necrophage (D:6)
  3 hounds (D:6)
  2 jellies (D:5)
  An iron imp (D:5)
  An iguana (D:5)
  An orc wizard (D:5)
  A gnoll (D:6)
  4 adders
  A river rat (D:4)
  2 worms
  5 dart slugs
  9 orcs
  10 ball pythons
  7 endoplasms
  4 giant cockroaches
  5 goblins
  5 hobgoblins
  9 kobolds
  2 quokkas
  2 bats
  A frilled lizard (D:1)
  10 rats
  A spectral kobold (D:3)
98 creatures vanquished.

Vanquished Creatures (others)
  167 foxfires
167 creatures vanquished.

Grand Total: 265 creatures vanquished

Notes
Turn   | Place    | Note
-------+----------+-------------------------------------------
     0 | D:1      | Devinter the Draconian Fire Elementalist began the quest
                  | for the Orb.
     0 | D:1      | Reached XP level 1. HP: 14/14 MP: 3/3
   253 | D:1      | Reached XP level 2. HP: 17/20 MP: 5/5
   366 | D:1      | Found Livius's Weapon Boutique.
   387 | D:1      | Reached skill level 2 in Stealth
   523 | D:1      | Reached skill level 2 in Dodging
   594 | D:2      | Learned a level 2 spell: Scorch
   764 | D:2      | Noticed Sigmund
   839 | D:2      | Reached XP level 3. HP: 26/26 MP: 6/6
  1692 | D:3      | Found a faded altar of an unknown god.
  1769 | D:3      | Reached skill level 3 in Spellcasting
  2037 | D:3      | Reached XP level 4. HP: 33/33 MP: 8/8
  2093 | D:3      | Found an ornate altar of the Wu Jian Council.
  2326 | D:4      | Reached skill level 2 in Conjurations
  2467 | D:4      | Found a glowing drain.
  2498 | Sewer    | Entered a sewer
  2597 | Sewer    | Noticed Pargi
  2607 | Sewer    | Killed Pargi
  2608 | Sewer    | Reached skill level 4 in Spellcasting
  2608 | Sewer    | Reached skill level 4 in Fire Magic
  2608 | Sewer    | Reached XP level 5. HP: 29/38 MP: 8/11
  2804 | D:4      | Noticed a phantom
  2823 | D:4      | Killed a phantom
  2824 | D:4      | Reached XP level 6. HP: 23/45 MP: 4/12
  3418 | D:4      | Reached skill level 5 in Spellcasting
  3492 | D:5      | Entered Level 5 of the Dungeon
  3542 | D:5      | Found a staircase to the Ecumenical Temple.
  3558 | D:5      | Reached skill level 3 in Conjurations
  3558 | D:5      | Reached skill level 5 in Fire Magic
  3558 | D:5      | Reached skill level 1 in Fighting
  3558 | D:5      | Your scales start taking on a lurid green colour.
  3558 | D:5      | Reached XP level 7. HP: 42/52 MP: 8/14
  3558 | D:5      | Gained mutation: Your system is resistant to poisons.
                  | (rPois) [Green Draconian growth]
  3583 | D:5      | Reached skill level 2 in Fighting
  3584 | D:5      | Noticed Grinder
  3645 | D:5      | Paralysed by Grinder for 5 turns
  3653 | D:5      | Killed Grinder
  3654 | D:5      | Reached skill level 3 in Fighting
  3674 | Temple   | Entered the Ecumenical Temple
  3687 | Temple   | Became a worshipper of Vehumet
  3937 | D:5      | Reached skill level 4 in Conjurations
  3937 | D:5      | Reached XP level 8. HP: 63/63 MP: 12/16
  4044 | D:5      | Found a snail-covered altar of Cheibriados.
  4052 | D:5      | Reached skill level 6 in Fire Magic
  4086 | D:5      | Reached skill level 6 in Spellcasting
  4165 | D:5      | Found an opulent altar of Gozag.
  4279 | D:6      | Found an iron altar of Okawaru.
  4343 | D:6      | Found a shimmering altar of Xom.
  4344 | D:6      | Noticed an angel
  4350 | D:6      | Found a glowing silver altar of Zin.
  4420 | D:6      | HP: 1/63 [orc warrior/+0 halberd (17)]
  4421 | D:6      | Slain by an orc warrior

Illustrated notes

Levels and vault maps discovered:
D:1:      dpeg_arrival_circle_labyrinth_a, layout_basic, serial_shops,
          nicolae_shop_trees, st_stairs_13, minmay_misc_feat_nine_boxes
D:2:      layout_basic, grunt_ministairs_7, serial_bayou_lagoon_b, uniq_sigmund
D:3:      layout_basic, mainiacjoe_overflow_concentric_impassable,
          dreamdust_ecumenical_altar_drowned_temple
D:4:      layout_basic, portal_sewer_entry_e
D:5:      layout_rooms, slow_altar_1, pf_just_have_faith,
          minmay_temple_entry_statues_fountains, uniq_grinder
D:6:      layout_loops_ring, grunt_temple_overflow_order_and_chaos_1,
          grunt_dithmenos_smoke, okawaru_metal_pillars_3,
          mainiacjoe_overflow_small_starburst, overflow_temple_1_default,
          mainiacjoe_overflow_catwalk_spiral, serial_shops, shop,
          minmay_divided_ellipse
Temple:   nicolae_temple_stand_before_the_council

Skill      XL: |  1  2  3  4  5  6  7  8 |
---------------+-------------------------+-----
Stealth        | 2 |  2.0
Dodging        | 2 |  2.0
Spellcasting   | 3 4 5 6 |  6.5
Conjurations   | 2 3 4 |  4.0
Fire Magic     | 4 5 6 |  6.8
Fighting       | 1 3 |  3.0

Action                   |  1- 3 |  4- 6 |  7- 9 || total
-------------------------+-------+-------+-------++-------
Melee: Short sword       |    89 |    68 |    39 ||   196
       Unarmed           |     2 |       |       ||     2
       Tailslap          |     9 |     8 |     6 ||    23
       Punch             |     1 |       |       ||     1
 Cast: Foxfire           |    20 |    32 |    51 ||   103
       Scorch            |       |     1 |     8 ||     9
 Abil: Breathe Noxious F |       |       |     2 ||     2
  Use: Potion            |       |       |     1 ||     1
 Stab: Sleeping          |     5 |     1 |       ||     6
Armor: Skin              |    20 |    30 |    32 ||    82
Dodge: Dodged            |    54 |    66 |    47 ||   167

Table legend: (Time is in decaauts)
 A = Elapsed time spent in this place.
 B = Non-inter-level travel time spent in this place.
 C = Inter-level travel time spent in this place.
 D = Time resting spent in this place.
 E = Time spent auto-exploring this place.
 F = Levels seen in this place.
 G = Mean time per level.
                   A        B        C        D        E       F      G
               +--------+--------+--------+--------+--------+-----+--------+
         Total |   4439 |   4262 |    177 |    185 |   1601 |   8 |  554.9 |
       Dungeon |   4216 |   4039 |    177 |    151 |   1600 |   6 |  702.7 |
        Temple |     25 |     25 |      0 |      0 |      0 |   1 |   25.0 |
         Sewer |    197 |    197 |      0 |     34 |      1 |   1 |  197.0 |
               +--------+--------+--------+--------+--------+-----+--------+

Top non-repeatable levels by time:
     D:4: 1109 daAuts
     D:2: 922 daAuts
     D:5: 726 daAuts
     D:3: 700 daAuts
     D:1: 580 daAuts
   Sewer: 197 daAuts
     D:6: 176 daAuts
  Temple: 25 daAuts
